 Dungeon Crawl Stone Soup version 0.27-a0-1196-g3e9cee4cb2 (webtiles) character file.

Game seed: 11998347997250328277

2 mordus the Caller (level 1, 0/7 HPs)
             Began as a Felid Summoner on May 28, 2021.
             Slain by a ball python (1 damage)
             ... on level 1 of the Dungeon.
             The game lasted 00:00:32 (159 turns).

mordus the Caller (Felid Summoner)                   Turns: 159, Time: 00:00:32

Health: 0/7        AC:  1    Str:  4    XL:     1   Next: 25%
Magic:  3/4        EV: 14    Int: 16    God:
Gold:   6          SH:  0    Dex: 16    Spells: 3/4 levels left
                                        Lives:  0   Deaths: 0

rFire    . . .     SeeInvis +   (weapon unavailable)
rCold    . . .     Faith    .   (shield unavailable)
rNeg     . . .     Spirit   .   (armour unavailable)
rPois    .         Reflect  .   (helmet unavailable)
rElec    .         Harm     .   (cloak unavailable)
rCorr    .         Rampage  .   (gloves unavailable)
Will     .....                  (boots unavailable)
Stlth    ++........             (no amulet)
HPRegen  0.02/turn              a - ring of flight
MPRegen  0.09/turn              (no ring)

@: flying, constricted, quick
A: very small, claws 1, fangs 3, see invisible, speed 1, shaggy fur 1, stealthy
paws, no weapons or thrown items, no armour, multi-lived
a: no special abilities


You were on level 1 of the Dungeon.
You visited 1 branch of the dungeon, and saw 1 of its levels.

You collected 6 gold pieces.

Inventory:

Jewellery
 a - a ring of flight (left paw)
Potions
 b - 2 potions of curing {unknown}


   Skills:
 + Level 0.0 Fighting
 - Level 2.6 Dodging
 - Level 2.6 Stealth
 + Level 0.0 Unarmed Combat
 * Level 2.0 Spellcasting
 * Level 4.0 Summonings


You had 3 spell levels left.
You knew the following spells:

 Your Spells              Type           Power      Damage    Failure   Level
a - Summon Small Mammal   Summ           56%        N/A       4%          1

Your spell library contained the following spells:

 Spells                   Type           Power      Damage    Failure   Level
 Call Imp                 Summ           14%        N/A       6%          2
 Call Canine Familiar     Summ           14%        N/A       12%         3
 Summon Guardian Golem    Hex/Summ       8%         N/A       26%         3
 Summon Ice Beast         Ice/Summ       8%         N/A       65%         4
 Summon Lightning Spire   Summ/Air       8%         N/A       65%         4


Dungeon Overview and Level Annotations

Branches:
Dungeon (1/15)

Altars:


Innate Abilities, Weirdness & Mutations

You have sharp claws.
You have razor-sharp teeth.
You have supernaturally acute eyesight. (SInv)
You cover ground quickly. (Speed+)
You are covered in fur. (AC +1)
Your paws help you pounce on unaware monsters.
You are incapable of wielding weapons or throwing items.
You cannot wear armour.
You gain extra lives every three experience levels.


Message History

Found a book of Callings.
Found a stone staircase leading down.
You see here a book of Callings.
You pick up a book of Callings and begin reading...
Unfortunately, you learned nothing new.
There is a stone staircase leading down here.
You reach down and open the door.
There is an open door here.
There is an open door here.
You reach down and open the door.
There is an open door here.
A bat comes into view.
The helpless bat fails to defend itself.
You scratch the bat.
You kill the bat!
b - 2 emerald potions You reach down and open the door.
There is an open door here.
You reach down and open the door.
A ball python comes into view.
A ball python is nearby!
The ball python hisses angrily.
You scratch the ball python but do no damage.
The ball python bites you but does no damage.
The ball python grabs you. The ball python constricts you.
You barely miss the ball python. The ball python closely misses you.
The ball python constricts you.
You barely miss the ball python. The ball python closely misses you.
The ball python constricts you.
You barely miss the ball python. The ball python bites you.
The ball python constricts you. The ball python bites you.
* * * LOW HITPOINT WARNING * * *
The ball python constricts you.
Casting: Summon Small Mammal (safe; 4% risk of failure)
Confirm with . or Enter, or press ? or * to list all spells.
The ball python barely misses you. The ball python constricts you.
The ball python's grasp on you weakens, but your attempt to escape fails.
The ball python bites you.
* * * LOW HITPOINT WARNING * * *
You die...

### #†# #.## #... #####
####.## ...# #....## #
##'### #.##.##
#...#####r...#####.#####
......S@.....'.........>
#.#######....##.##......
#..[.......#####
#....##.#.......
#....##.#....... .
#####....##.#.......
...#........##.#.......
...#....######.#.......
........'..............


You could see a ball python (ally target) and a friendly rat (summoned).

Vanquished Creatures
  A bat (D:1)
1 creature vanquished.

Vanquished Creatures (collateral kills)
  A ball python (D:1)
  A rat (D:1)
2 creatures vanquished.

Grand Total: 3 creatures vanquished

Notes
Turn   | Place    | Note
-------+----------+-------------------------------------------
     0 | D:1      | mordus the Felid Summoner began the quest for the Orb.
     0 | D:1      | Reached XP level 1. HP: 7/7 MP: 4/4
   159 | D:1      | Slain by a ball python

Illustrated notes

Levels and vault maps discovered:
D:1:      wander_arrival_desolate, layout_basic, minmay_worlds_worst_comb

Action                   || total
-------------------------++-------
Melee: Unarmed           ||     5
 Cast: Summon Small Mamm ||     5
 Stab: Sleeping          ||     1
Armor: Skin              ||     1
Dodge: Dodged            ||     3

Table legend: (Time is in decaauts)
 A = Elapsed time spent in this place.
 B = Non-inter-level travel time spent in this place.
 C = Inter-level travel time spent in this place.
 D = Time resting spent in this place.
 E = Time spent auto-exploring this place.
 F = Levels seen in this place.
 G = Mean time per level.
                   A        B        C        D        E       F      G
               +--------+--------+--------+--------+--------+-----+--------+
         Total |    138 |    138 |      0 |      0 |    101 |   1 |  138.0 |
       Dungeon |    138 |    138 |      0 |      0 |    101 |   1 |  138.0 |
               +--------+--------+--------+--------+--------+-----+--------+

Top non-repeatable levels by time:
     D:1: 138 daAuts
